[Event "ICC tourney 2246 (120 10)"]
[Site "Internet Chess Club"]
[Date "2020.12.28"]
[Round "6"]
[White "johnzabraham"]
[Black "IsaacCumes"]
[Result "1-0"]
[ICCResult "Black checkmated"]
[WhiteElo "1120"]
[BlackElo "962"]
[Opening "QGD: exchange, positional line"]
[ECO "D35"]
[NIC "QO.16"]
[Time "17:16:42"]
[PlyCount "101"]
[TimeControl "7200+10"]

1. d4 d5 2. c4 e6 3. Nc3 Nf6 4. cxd5 exd5 5. Bg5 Be7 6. e3 c6 7. Bd3 O-O 8.
Nge2 Re8 9. Qc2 Nbd7 10. O-O Nf8 11. Rad1 Ne4 12. Nxe4 dxe4 13. Bxe7 Qxe7
14. Bc4 Be6 15. Bxe6 Qxe6 16. b3 b5 17. Nf4 Qd6 18. Rfe1 Ng6 19. Ne2 Rac8
20. Nc3 a6 21. Nxe4 Qd5 22. Nc5 a5 23. a3 Nh4 24. f3 Qg5 25. Qf2 Nf5 26. e4
Nd6 27. f4 Qg6 28. f5 Qg4 29. h3 Qg5 30. Re3 Nxf5 31. Rf3 Nd6 32. e5 Nc4
33. bxc4 bxc4 34. Rxf7 Rf8 35. Rxf8+ Rxf8 36. Qxf8+ Kxf8 37. Ne6+ Ke7 38.
Nxg5 h6 39. Ne4 Ke6 40. Nc3 Kf5 41. Kf2 g5 42. Kf3 h5 43. g4+ hxg4+ 44.
hxg4+ Kg6 45. Ke4 Kf7 46. Rf1+ Kg6 47. e6 Kg7 48. e7 Kg8 49. e8=Q+ Kg7 50.
Rf7+ Kg6 51. Qe6# { Black checkmated } 1-0

[Event "ICC tourney 2246 (120 10)"]
[Site "Internet Chess Club"]
[Date "2020.12.28"]
[Round "6"]
[White "Rthur"]
[Black "aang07"]
[Result "1-0"]
[ICCResult "Black checkmated"]
[WhiteElo "802"]
[BlackElo "1130"]
[Opening "Ruy Lopez: old Steinitz defense"]
[ECO "C62"]
[NIC "RL.02"]
[Time "17:16:24"]
[PlyCount "105"]
[TimeControl "7200+10"]

1. e4 e5 2. Nf3 Nc6 3. Bb5 d6 4. d3 Bd7 5. Bxc6 Bxc6 6. Nc3 Be7 7. b3 Nf6
8. Bb2 d5 9. Nxd5 Nxd5 10. exd5 Bxd5 11. Bxe5 Bxf3 12. Qxf3 Bf6 13. Bxf6
Qxf6 14. Qxf6 gxf6 15. O-O O-O-O 16. Rfe1 Rhe8 17. h3 f5 18. Kh2 f4 19. Kh1
Re6 20. Kg1 Rde8 21. Kf1 h5 22. Rxe6 Rxe6 23. Re1 Rxe1+ 24. Kxe1 Kd7 25.
Kd2 Kd6 26. f3 f5 27. h4 c5 28. c4 a6 29. Kc3 b5 30. a3 Ke5 31. cxb5 axb5
32. a4 b4+ 33. Kc4 Kd6 34. Kb5 Kd5 35. a5 c4 36. dxc4+ Kd4 37. a6 Kc3 38.
a7 Kxb3 39. a8=Q Kc3 40. Qa1+ Kd2 41. Kxb4 Ke3 42. Qg1+ Ke2 43. Qh2 Kf2 44.
Qxf4 Kxg2 45. Qxf5 Kg3 46. Qxh5 Kf4 47. Kc5 Ke3 48. f4 Kxf4 49. Qe8 Kg4 50.
h5 Kg5 51. h6 Kf6 52. h7 Kg7 53. h8=Q# { Black checkmated } 1-0

[Event "ICC tourney 2246 (120 10)"]
[Site "Internet Chess Club"]
[Date "2020.12.28"]
[Round "6"]
[White "Aahilvalliani"]
[Black "EChessPlayer"]
[Result "0-1"]
[ICCResult "White checkmated"]
[WhiteElo "813"]
[BlackElo "1063"]
[Opening "QGD: Ragozin variation"]
[ECO "D38"]
[NIC "NI.27"]
[Time "17:16:11"]
[PlyCount "154"]
[TimeControl "7200+10"]

1. d4 d5 2. c4 e6 3. Nc3 Nf6 4. Nf3 Bb4 5. Bd2 O-O 6. e3 Bd7 7. Bd3 Nc6 8.
O-O Re8 9. a3 Bd6 10. c5 Be7 11. e4 b6 12. b4 a5 13. b5 Nb8 14. c6 Bc8 15.
e5 Ne4 16. Nxe4 dxe4 17. Bxe4 Kh8 18. Be3 f5 19. Bd3 Rf8 20. Qd2 Rg8 21.
Bg5 h6 22. Bxe7 Qxe7 23. a4 Rf8 24. Ne1 Qd8 25. Nc2 f4 26. f3 g5 27. Qe2
Qd5 28. Qe4 Qxe4 29. Bxe4 h5 30. Rf2 g4 31. fxg4 hxg4 32. Raf1 g3 33. Rxf4
gxh2+ 34. Kxh2 Rxf4 35. Rxf4 Kg7 36. Rg4+ Kf7 37. Rf4+ Kg7 38. Ne3 Na6 39.
bxa6 Bxa6 40. Nf1 b5 41. axb5 Bxb5 42. Rg4+ Kf7 43. Bg6+ Ke7 44. Be4 Bxf1
45. Rg7+ Kf8 46. Rxc7 a4 47. Rd7 Rc8 48. c7 Ke8 49. Rd8+ Rxd8 50. cxd8=Q+
Kxd8 51. g4 a3 52. Bb1 Bd3 53. Ba2 Ke7 54. Kh3 Kf7 55. Kh4 Kg6 56. g5 Kg7
57. Kh5 Bc2 58. Bxe6 Bg6+ 59. Kg4 Bf7 60. Bxf7 Kxf7 61. g6+ Kxg6 62. d5 a2
63. d6 a1=Q 64. d7 Qd4+ 65. Kf3 Qxd7 66. Ke4 Qe7 67. Kd4 Kf5 68. Kd5 Qe6+
69. Kd4 Qxe5+ 70. Kd3 Qf4 71. Kc3 Qe4 72. Kb2 Qd3 73. Ka1 Qd2 74. Kb1 Ke4
75. Ka1 Kd3 76. Kb1 Kc3 77. Ka1 Qb2# { White checkmated } 0-1

[Event "ICC tourney 2246 (120 10)"]
[Site "Internet Chess Club"]
[Date "2020.12.28"]
[Round "6"]
[White "Platocrates"]
[Black "lucasnc"]
[Result "0-1"]
[ICCResult "White resigns"]
[WhiteElo "1196"]
[BlackElo "877"]
[Opening "Four knights: Scotch, 4...exd4"]
[ECO "C47"]
[NIC "KP.06"]
[Time "17:16:11"]
[PlyCount "49"]
[TimeControl "7200+10"]

1. e4 e5 2. Nf3 Nc6 3. Nc3 Nf6 4. d4 exd4 5. Nxd4 d5 6. Nxc6 bxc6 7. exd5
cxd5 8. Bg5 c6 9. Bxf6 gxf6 10. Be2 Rg8 11. O-O f5 12. Re1 Be7 13. Bh5 Kf8
14. Qd2 Bg5 15. f4 Bh4 16. g3 Bf6 17. Re3 d4 18. Rd3 Ba6 19. Nb5 Bxb5 20.
Qb4+ Be7 21. Qb3 Rg7 22. Rd2 Qa5 23. c3 Bc5 24. Rad1 dxc3+ 25. Kg2 { White
resigns } 0-1

[Event "ICC tourney 2246 (120 10)"]
[Site "Internet Chess Club"]
[Date "2020.12.28"]
[Round "6"]
[White "SMILERG"]
[Black "Bouchard140"]
[Result "1-0"]
[ICCResult "Black checkmated"]
[WhiteElo "1247"]
[BlackElo "1250"]
[Opening "King's Indian: London system"]
[ECO "A48"]
[NIC "QP.03"]
[Time "17:16:34"]
[PlyCount "59"]
[TimeControl "7200+10"]

1. d4 Nf6 2. Nf3 g6 3. Bf4 Bg7 4. e3 O-O 5. Bd3 d6 6. c3 Re8 7. O-O Nh5 8.
Bg3 Nxg3 9. hxg3 Bg4 10. Nbd2 e5 11. d5 a5 12. a4 Na6 13. Qc2 Nc5 14. b4
Nxd3 15. Qxd3 axb4 16. cxb4 e4 17. Nxe4 Bxa1 18. Rxa1 Bf5 19. Nfd2 Qe7 20.
f3 h5 21. Qd4 Red8 22. Nf6+ Kf8 23. Nh7+ Ke8 24. Nf6+ Kf8 25. Nh7+ Kg8 26.
Nf6+ Kg7 27. Nxh5+ Kh6 28. Qg7+ Kxh5 29. Qh7+ Kg5 30. Qh4# { Black
checkmated } 1-0

[Event "ICC tourney 2246 (120 10)"]
[Site "Internet Chess Club"]
[Date "2020.12.28"]
[Round "6"]
[White "Ldon22"]
[Black "Phoenix25"]
[Result "1-0"]
[ICCResult "Black checkmated"]
[WhiteElo "953"]
[BlackElo "171"]
[Opening "Four knights: Spanish, classical defense"]
[ECO "C48"]
[NIC "KP.03"]
[Time "17:16:11"]
[PlyCount "63"]
[TimeControl "7200+10"]

1. e4 e5 2. Nf3 Nc6 3. Bb5 Nf6 4. Nc3 Bc5 5. d3 d6 6. O-O O-O 7. Bg5 Bg4 8.
h3 Bh5 9. g4 Bg6 10. Bxc6 bxc6 11. Re1 Re8 12. d4 exd4 13. Nxd4 Qd7 14.
Bxf6 gxf6 15. Nb3 Bb6 16. Qf3 Qe6 17. h4 h6 18. h5 Bh7 19. Qf4 f5 20. exf5
Qf6 21. Qf3 Qg5 22. Kf1 Qh4 23. Na4 Bxf2 24. Qxf2 Qh1+ 25. Qg1 Qh3+ 26. Qg2
Qh4 27. Rxe8+ Rxe8 28. Qxc6 Re3 29. Qa8+ Kg7 30. Qg2 Rg3 31. f6+ Kf8 32.
Qa8# { Black checkmated } 1-0

[Event "ICC tourney 2246 (120 10)"]
[Site "Internet Chess Club"]
[Date "2020.12.28"]
[Round "6"]
[White "oxdidi"]
[Black "chessadpa"]
[Result "1-0"]
[ICCResult "Black checkmated"]
[WhiteElo "945"]
[BlackElo "1132"]
[Opening "Sicilian defense"]
[ECO "B40"]
[NIC "SI.43"]
[Time "17:16:23"]
[PlyCount "61"]
[TimeControl "7200+10"]

1. e4 c5 2. Nf3 e6 3. Bc4 a6 4. O-O b5 5. Be2 Nc6 6. d3 d6 7. Bg5 Be7 8.
Be3 Bf6 9. d4 cxd4 10. Nxd4 Nxd4 11. Bxd4 Bb7 12. Bf3 Rc8 13. Bc3 b4 14.
Bxf6 Nxf6 15. Re1 O-O 16. Qd2 Qa5 17. a3 Rc7 18. Re2 Qe5 19. axb4 Qxb2 20.
Ra5 Qxb1+ 21. Re1 Qxc2 22. Qxd6 Nxe4 23. Bxe4 Bxe4 24. Qxa6 Bd3 25. Qd6 Qe2
26. Raa1 Qc2 27. h3 Bb5 28. Qe5 Bd7 29. Ra3 Qd2 30. Rg3 Rc1 31. Qxg7# {
Black checkmated } 1-0

[Event "ICC tourney 2246 (120 10)"]
[Site "Internet Chess Club"]
[Date "2020.12.28"]
[Round "6"]
[White "pvegesana"]
[Black "funchessethan"]
[Result "1/2-1/2"]
[ICCResult "Game drawn by mutual agreement"]
[WhiteElo "1227"]
[BlackElo "995"]
[Opening "Giuoco Piano: Greco variation"]
[ECO "C54"]
[NIC "IG.02"]
[Time "17:16:16"]
[PlyCount "98"]
[TimeControl "7200+10"]

1. e4 e5 2. Nf3 Nc6 3. Bc4 Bc5 4. c3 Nf6 5. d4 exd4 6. cxd4 Bb4+ 7. Nc3
Nxe4 8. O-O Nxc3 9. bxc3 Be7 10. Re1 d5 11. Bb5 O-O 12. Bd3 Re8 13. Qc2 h6
14. h3 Bd6 15. Bd2 Bd7 16. Rab1 Rb8 17. Bf5 Bxf5 18. Qxf5 Re7 19. Rxe7 Qxe7
20. Re1 Qf8 21. Ne5 Nxe5 22. dxe5 Bc5 23. e6 f6 24. Qxd5 Be7 25. Be3 a6 26.
Bc5 b6 27. Bxe7 Qxe7 28. Rd1 Re8 29. Qd7 Qxe6 30. Qxc7 Qxa2 31. Rd8 Rxd8
32. Qxd8+ Kh7 33. Qd3+ Kh8 34. Qd8+ Kh7 35. Qxb6 Qa1+ 36. Kh2 Qxc3 37. Qxa6
Qd4 38. Qe2 Kg6 39. Qg4+ Qxg4 40. hxg4 Kg5 41. Kg3 f5 42. f3 f4+ 43. Kh3 g6
44. g3 fxg3 45. Kxg3 h5 46. gxh5 Kxh5 47. f4 Kh6 48. Kg4 Kg7 49. Kg5 Kf7 {
Game drawn by mutual agreement } 1/2-1/2

[Event "ICC tourney 2246 (120 10)"]
[Site "Internet Chess Club"]
[Date "2020.12.28"]
[Round "6"]
[White "BArkadia"]
[Black "ChaosOrigin"]
[Result "1-0"]
[ICCResult "Black checkmated"]
[WhiteElo "1043"]
[BlackElo "1237"]
[Opening "Four knights: Italian variation"]
[ECO "C55"]
[NIC "IG.01"]
[Time "17:16:35"]
[PlyCount "33"]
[TimeControl "7200+10"]

1. e4 e5 2. Nf3 Nc6 3. Bc4 Nf6 4. Nc3 h6 5. O-O Bd6 6. d4 Qe7 7. Re1 O-O 8.
Nd5 Nxd5 9. exd5 Na5 10. Bd3 f6 11. Nh4 Qd8 12. Qh5 Re8 13. Bg6 Rf8 14. Nf5
Be7 15. Bxh6 d6 16. Bxg7 Bxf5 17. Qh7# { Black checkmated } 1-0

[Event "ICC tourney 2246 (120 10)"]
[Site "Internet Chess Club"]
[Date "2020.12.28"]
[Round "6"]
[White "Chai2006"]
[Black "potatos22"]
[Result "1-0"]
[ICCResult "Black checkmated"]
[WhiteElo "1159"]
[BlackElo "1088"]
[Opening "Ruy Lopez: four knights (Tarrasch) variation"]
[ECO "C77"]
[NIC "RL.12"]
[Time "17:16:39"]
[PlyCount "105"]
[TimeControl "7200+10"]

1. e4 e5 2. Nf3 Nc6 3. Bb5 a6 4. Ba4 Nf6 5. Nc3 b5 6. Bb3 Bc5 7. Nxe5 Nxe5
8. d4 Bxd4 9. Qxd4 d6 10. Nd5 h6 11. f4 Nc6 12. Nxf6+ Qxf6 13. Qd5 Bd7 14.
Be3 O-O 15. O-O-O Na5 16. e5 Qe6 17. Qxe6 Bxe6 18. exd6 cxd6 19. Bxe6 fxe6
20. Rxd6 Nc4 21. Rxe6 Nxe3 22. Rxe3 Rxf4 23. Rhe1 Rf2 24. R1e2 Raf8 25. Kd2
Rd8+ 26. Kc3 Rf4 27. Re4 Rc8+ 28. Kb3 Rc4 29. Rxc4 Rxc4 30. Re6 Ra4 31. Re7
Rg4 32. g3 Kh7 33. Ra7 Rg6 34. Kb4 h5 35. Ka5 Kh6 36. Rxa6 Rxa6+ 37. Kxa6
Kg5 38. Kxb5 Kg4 39. a4 Kh3 40. a5 Kxh2 41. a6 Kxg3 42. a7 h4 43. a8=Q h3
44. Qh1 g5 45. Kc5 Kh4 46. Kd5 g4 47. Ke5 g3 48. Kf4 h2 49. Qg2 Kh5 50.
Qxg3 Kh6 51. Kf5 Kh7 52. Kf6 h1=Q 53. Qg7# { Black checkmated } 1-0

[Event "ICC tourney 2246 (120 10)"]
[Site "Internet Chess Club"]
[Date "2020.12.28"]
[Round "6"]
[White "kitook"]
[Black "chessrdu20"]
[Result "0-1"]
[ICCResult "White checkmated"]
[WhiteElo "426"]
[BlackElo "1074"]
[Opening "Giuoco Piano: Greco's attack"]
[ECO "C54"]
[NIC "IG.02"]
[Time "17:16:42"]
[PlyCount "108"]
[TimeControl "7200+10"]

1. e4 e5 2. Nf3 Nc6 3. Bc4 Bc5 4. c3 Nf6 5. d4 exd4 6. cxd4 Bb4+ 7. Nc3
Bxc3+ 8. bxc3 Nxe4 9. O-O O-O 10. Qd3 d5 11. Bb5 Qd6 12. Bxc6 Qxc6 13. Bd2
h6 14. Rfe1 Re8 15. Ne5 Qd6 16. f3 Nxd2 17. Qxd2 Bf5 18. Qf4 Qf6 19. Nd7
Bxd7 20. Rxe8+ Rxe8 21. Qxc7 Bc6 22. Rd1 Qe7 23. Qxe7 Rxe7 24. Kf2 Bb5 25.
Rd2 Bc4 26. a4 a5 27. g4 b5 28. axb5 Bxb5 29. Rb2 Bc4 30. h4 Kh7 31. Kg3 a4
32. Rb4 Ra7 33. Rb1 a3 34. Ra1 a2 35. f4 Rb7 36. Rxa2 Bxa2 37. h5 Rc7 38.
Kh4 Rxc3 39. g5 Rc4 40. Kg4 Rxd4 41. Kf5 hxg5 42. fxg5 g6+ 43. hxg6+ fxg6+
44. Ke5 Re4+ 45. Kd6 d4 46. Kc5 d3 47. Kb5 d2 48. Kc5 Bd5 49. Kxd5 Re1 50.
Kc5 d1=Q 51. Kc6 Re2 52. Kc5 Rc2+ 53. Kb6 Qb1+ 54. Ka5 Ra2# { White
checkmated } 0-1

[Event "ICC tourney 2246 (120 10)"]
[Site "Internet Chess Club"]
[Date "2020.12.28"]
[Round "6"]
[White "falcon2020"]
[Black "Deanmoon32"]
[Result "1-0"]
[ICCResult "Black resigns"]
[WhiteElo "1213"]
[BlackElo "974"]
[Opening "Queen's pawn, Mason variation"]
[ECO "D00"]
[NIC "QP.08"]
[Time "17:16:08"]
[PlyCount "75"]
[TimeControl "7200+10"]

1. d4 d5 2. Bf4 Nf6 3. e3 Bf5 4. c3 e6 5. Nf3 Bg4 6. Nbd2 Ne4 7. Bd3 f5 8.
Be2 Bxf3 9. Nxf3 g5 10. Ne5 h5 11. Bxh5+ Rxh5 12. Qxh5+ Ke7 13. Qf7+ Kd6
14. Nc4+ Kc6 15. Qxe6+ Kb5 16. Nd6+ Nxd6 17. Qxd5+ Ka6 18. c4 c6 19. Qf3
Qa5+ 20. Kf1 Nxc4 21. Qe2 Qb5 22. a4 Nd2+ 23. Ke1 Qxe2+ 24. Kxe2 gxf4 25.
Kxd2 fxe3+ 26. fxe3 b6 27. Rhf1 Nd7 28. Rxf5 Re8 29. Rf7 Re7 30. Rxe7 Bxe7
31. Kc3 Kb7 32. Rf1 Nf6 33. g4 a5 34. Kd3 Ka6 35. g5 Ng4 36. g6 Nh6 37. g7
Bd6 38. Rf6 { Black resigns } 1-0

[Event "ICC tourney 2246 (120 10)"]
[Site "Internet Chess Club"]
[Date "2020.12.28"]
[Round "6"]
[White "ethanz1606"]
[Black "citation"]
[Result "1-0"]
[ICCResult "Black checkmated"]
[WhiteElo "1164"]
[BlackElo "892"]
[Opening "Queen's gambit accepted"]
[ECO "D20"]
[NIC "QG.03"]
[Time "17:16:22"]
[PlyCount "51"]
[TimeControl "7200+10"]

1. d4 d5 2. c4 dxc4 3. e3 Qd5 4. Nc3 Qc6 5. b3 cxb3 6. Bb5 Bd7 7. Bxc6 Nxc6
8. Qxb3 Na5 9. Qd1 O-O-O 10. Nf3 Bg4 11. O-O e5 12. Qd3 Bxf3 13. Qf5+ Rd7
14. Qxf3 Nc4 15. dxe5 Nxe5 16. Qf5 Bd6 17. Bb2 Nc4 18. Qc2 Nh6 19. Ne4 Nxb2
20. Qxb2 Bf8 21. Rab1 b6 22. Rfd1 Re7 23. Qd4 Nf5 24. Qd8+ Kb7 25. Nc5+ Kc6
26. Qd5# { Black checkmated } 1-0

[Event "ICC tourney 2246 (120 10)"]
[Site "Internet Chess Club"]
[Date "2020.12.28"]
[Round "6"]
[White "PirateKing"]
[Black "Chessssssser"]
[Result "0-1"]
[ICCResult "White checkmated"]
[WhiteElo "866"]
[BlackElo "1239"]
[Opening "Queen's bishop game"]
[ECO "D00"]
[NIC "QP.08"]
[Time "17:16:09"]
[PlyCount "50"]
[TimeControl "7200+10"]

1. d4 d5 2. Bf4 Nf6 3. Nf3 Bf5 4. e3 c5 5. Bd3 Bg6 6. h3 e6 7. O-O Qb6 8.
b3 Nc6 9. Ne5 cxd4 10. Nxc6 bxc6 11. exd4 Qxd4 12. Nd2 Qxf4 13. Bxg6 hxg6
14. Nf3 Bd6 15. g3 Qh6 16. h4 Ne4 17. Qd3 g5 18. Qe3 Bf4 19. gxf4 g4 20. f5
gxf3 21. Qxh6 Rxh6 22. fxe6 Rxh4 23. exf7+ Kxf7 24. Rfe1 Rah8 25. Re3 Rh1#
{ White checkmated } 0-1

[Event "ICC tourney 2246 (120 10)"]
[Site "Internet Chess Club"]
[Date "2020.12.28"]
[Round "6"]
[White "jayburd56"]
[Black "OS99"]
[Result "1-0"]
[ICCResult "Black checkmated"]
[WhiteElo "1298"]
[BlackElo "891"]
[Opening "two knights: Max Lange attack"]
[ECO "C55"]
[NIC "KP.02"]
[Time "17:16:24"]
[PlyCount "37"]
[TimeControl "7200+10"]

1. e4 e5 2. Nf3 Nc6 3. Bc4 Nf6 4. d4 exd4 5. O-O Bc5 6. e5 Na5 7. exf6 Nxc4
8. fxg7 Rg8 9. Re1+ Be7 10. Qxd4 Nd6 11. Bg5 Nf5 12. Bxe7 Nxd4 13. Bxd8+
Kxd8 14. Nxd4 Rxg7 15. Nc3 c5 16. Ndb5 a6 17. Nd6 b6 18. Nd5 Rg8 19. Nxf7#
{ Black checkmated } 1-0

[Event "ICC tourney 2246 (120 10)"]
[Site "Internet Chess Club"]
[Date "2020.12.28"]
[Round "6"]
[White "mohitmukkollu"]
[Black "Eleyn"]
[Result "0-1"]
[ICCResult "White checkmated"]
[WhiteElo "1225"]
[BlackElo "1053"]
[Opening "Giuoco Pianissimo"]
[ECO "C55"]
[NIC "IG.01"]
[Time "17:16:33"]
[PlyCount "52"]
[TimeControl "7200+10"]

1. e4 e5 2. Nf3 Nc6 3. Bc4 Nf6 4. d3 Bc5 5. Bg5 d6 6. O-O Be6 7. Bb5 Bd7 8.
Nc3 a6 9. Ba4 h6 10. Bh4 g5 11. Bg3 Nd4 12. Bxd7+ Qxd7 13. Nxd4 Bxd4 14.
Qf3 Qe7 15. Rab1 h5 16. h3 g4 17. hxg4 hxg4 18. Qe2 Qe6 19. Nd5 Nxd5 20.
Qd2 Nf6 21. c3 Bb6 22. d4 Nxe4 23. Qd3 exd4 24. Rfe1 d5 25. f3 dxc3+ 26.
Kf1 Nxg3# { White checkmated } 0-1

[Event "ICC tourney 2246 (120 10)"]
[Site "Internet Chess Club"]
[Date "2020.12.28"]
[Round "6"]
[White "joshebow"]
[Black "acgc"]
[Result "0-1"]
[ICCResult "White checkmated"]
[WhiteElo "673"]
[BlackElo "946"]
[Opening "English: Carls' Bremen system"]
[ECO "A22"]
[NIC "EO.10"]
[Time "17:16:28"]
[PlyCount "98"]
[TimeControl "7200+10"]

1. c4 e5 2. Nc3 Nf6 3. g3 Nc6 4. Bg2 Bc5 5. d3 d6 6. h3 Be6 7. e4 Qd7 8.
Nd5 O-O-O 9. Nf3 Nb4 10. Bg5 Bxd5 11. cxd5 Qb5 12. O-O Nxd3 13. a4 Qc4 14.
b3 Qa6 15. Qc2 Nb4 16. Qc3 Nxe4 17. Qc4 Qxc4 18. bxc4 Nxg5 19. Nxg5 Rdf8
20. h4 h6 21. Bh3+ Kb8 22. Ne4 Bd4 23. Rab1 a5 24. Rfc1 f5 25. Nd2 f4 26.
Nb3 Nd3 27. Rd1 Nxf2 28. Rxd4 Nxh3+ 29. Kg2 exd4 30. Kxh3 g5 31. c5 f3 32.
c6 b6 33. Nxa5 f2 34. Rf1 bxa5 35. Rb1+ Ka8 36. Kg2 Rf7 37. Rf1 Rhf8 38. h5
d3 39. g4 d2 40. Kg3 Rf3+ 41. Kg2 d1=Q 42. Kh2 Rh3+ 43. Kg2 Qxf1+ 44. Kxf1
Rh1+ 45. Ke2 f1=Q+ 46. Ke3 Qf4+ 47. Ke2 Re8+ 48. Kd3 Re3+ 49. Kd2 Qf2# {
White checkmated } 0-1

[Event "ICC tourney 2246 (120 10)"]
[Site "Internet Chess Club"]
[Date "2020.12.28"]
[Round "6"]
[White "Shashank8"]
[Black "DanielGuan"]
[Result "0-1"]
[ICCResult "White resigns"]
[WhiteElo "1188"]
[BlackElo "985"]
[Opening "Sicilian"]
[ECO "B50"]
[NIC "SI.01"]
[Time "17:16:43"]
[PlyCount "86"]
[TimeControl "7200+10"]

1. e4 c5 2. Nf3 d6 3. Bc4 Nc6 4. Nc3 Nf6 5. O-O g6 6. d4 cxd4 7. Nxd4 Bg7
8. Be3 O-O 9. Nxc6 bxc6 10. h3 Bd7 11. Be2 Qc7 12. Qd2 c5 13. Rab1 Bc6 14.
Nd5 Nxd5 15. exd5 Bd7 16. Bh6 Rab8 17. Bxg7 Kxg7 18. b3 a5 19. Rfe1 Bb5 20.
Bxb5 Rxb5 21. Qe2 Rb7 22. Qd3 Rfb8 23. Re4 Rb4 24. Rxb4 axb4 25. Ra1 e6 26.
dxe6 fxe6 27. Re1 Qe7 28. Qc4 Re8 29. c3 d5 30. Qb5 bxc3 31. Qd3 d4 32. b4
cxb4 33. Qxd4+ e5 34. Qc4 Qb7 35. f4 Rc8 36. Qb3 exf4 37. a3 Qa7+ 38. Kh2
bxa3 39. Qa2 Qc5 40. Rd1 Rc7 41. Qa1 Kh6 42. Rc1 Qb4 43. Rc2 Qb3 { White
resigns } 0-1

[Event "ICC tourney 2246 (120 10)"]
[Site "Internet Chess Club"]
[Date "2020.12.28"]
[Round "6"]
[White "Aakash28"]
[Black "waterycargo"]
[Result "1-0"]
[ICCResult "Black resigns"]
[WhiteElo "1067"]
[BlackElo "1222"]
[Opening "English: Wimpey system"]
[ECO "A01"]
[NIC "VO.08"]
[Time "17:16:39"]
[PlyCount "89"]
[TimeControl "7200+10"]

1. b3 e6 2. Nf3 d5 3. Bb2 Nf6 4. e3 c5 5. c4 Nc6 6. cxd5 Nxd5 7. Nc3 Nf6 8.
Rc1 b6 9. Bb5 Bb7 10. Ne5 Qc7 11. d4 a6 12. Bxc6+ Bxc6 13. Nxc6 Qxc6 14.
O-O Qb7 15. dxc5 Bxc5 16. Na4 Be7 17. Bxf6 Bxf6 18. Qd6 b5 19. Rc7 Qd5 20.
Qxd5 exd5 21. Nb6 Rd8 22. Rd1 d4 23. exd4 Bxd4 24. Re1+ Kf8 25. Nd7+ Kg8
26. Rd1 Be5 27. Rcc1 Bf6 28. Nxf6+ gxf6 29. Rxd8+ Kg7 30. Rxh8 Kxh8 31. g4
Kg7 32. Rc6 a5 33. Ra6 a4 34. bxa4 bxa4 35. Rxa4 Kg6 36. h4 h6 37. Ra5 Kg7
38. f4 Kh7 39. Rc5 Kg6 40. a4 Kg7 41. a5 Kg6 42. a6 Kg7 43. a7 Kg6 44. a8=Q
Kg7 45. Rc7 { Black resigns } 1-0

[Event "ICC tourney 2246 (120 10)"]
[Site "Internet Chess Club"]
[Date "2020.12.28"]
[Round "6"]
[White "boxingguy2469x"]
[Black "thanhcaptures"]
[Result "0-1"]
[ICCResult "White resigns"]
[WhiteElo "1048"]
[BlackElo "1197"]
[Opening "English: Carls' Bremen system"]
[ECO "A22"]
[NIC "EO.10"]
[Time "17:16:18"]
[PlyCount "50"]
[TimeControl "7200+10"]

1. c4 e5 2. Nc3 Nf6 3. g3 Be7 4. Bg2 O-O 5. e3 c6 6. Nge2 d5 7. cxd5 cxd5
8. O-O Nc6 9. d4 e4 10. f3 exf3 11. Bxf3 Bf5 12. a3 Be4 13. Nxe4 dxe4 14.
Bg2 Bd6 15. d5 Ne7 16. Nc3 Be5 17. Nxe4 Nfxd5 18. Ng5 Rb8 19. Qc2 Ng6 20.
Rd1 Qxg5 21. Rxd5 Qe7 22. Rb1 Rfc8 23. Qf2 Bf6 24. b3 Bg5 25. Bh3 Rxc1+ {
White resigns } 0-1

[Event "ICC tourney 2246 (120 10)"]
[Site "Internet Chess Club"]
[Date "2020.12.28"]
[Round "6"]
[White "varunprabhu"]
[Black "steeljc"]
[Result "0-1"]
[ICCResult "White checkmated"]
[WhiteElo "644"]
[BlackElo "964"]
[Opening "French defense"]
[ECO "C00"]
[NIC "FR.01"]
[Time "17:16:24"]
[PlyCount "132"]
[TimeControl "7200+10"]

1. e4 e6 2. Nf3 d5 3. exd5 exd5 4. Be2 Nc6 5. d4 Nf6 6. O-O Bd6 7. Nc3 Ne4
8. Re1 O-O 9. Qd3 Bf5 10. Qd1 Nb4 11. Bd3 Nxc3 12. bxc3 Nxd3 13. cxd3 c6
14. Qd2 Qf6 15. Qe2 Bd7 16. Qd1 Rfe8 17. Rxe8+ Rxe8 18. c4 Bg4 19. Bd2 dxc4
20. dxc4 Bxf3 21. Qxf3 Qxd4 22. Bc3 Qxc4 23. Rc1 Qf4 24. Qxf4 Bxf4 25. Rd1
g5 26. g3 Bc7 27. Rd7 Rc8 28. Rd3 b5 29. Re3 h6 30. a3 f5 31. Re6 Bb6 32.
Rg6+ Kf7 33. Rf6+ Ke7 34. Rxf5 Rf8 35. g4 Rxf5 36. gxf5 Kf7 37. f6 a5 38.
Kf1 c5 39. Ke2 b4 40. axb4 axb4 41. Ba1 c4 42. Kd1 c3 43. Kc2 Kxf6 44. f3
h5 45. h3 Kf5 46. Kb3 Bc5 47. Kc4 Bf8 48. Kd3 g4 49. hxg4+ hxg4 50. fxg4+
Kxg4 51. Kc2 Kf4 52. Kc1 Ke3 53. Kc2 Kd4 54. Kc1 b3 55. Bxc3+ Kxc3 56. Kb1
Bh6 57. Ka1 b2+ 58. Kb1 Bg7 59. Ka2 Kc2 60. Ka3 b1=Q 61. Ka4 Qb3+ 62. Ka5
Bc3+ 63. Ka6 Bd4 64. Ka5 Qb6+ 65. Ka4 Kc3 66. Ka3 Qa5# { White checkmated }
0-1

[Event "ICC tourney 2246 (120 10)"]
[Site "Internet Chess Club"]
[Date "2020.12.28"]
[Round "6"]
[White "Pranavthepro"]
[Black "nguyencaptures"]
[Result "1-0"]
[ICCResult "Black checkmated"]
[WhiteElo "1078"]
[BlackElo "1124"]
[Opening "Giuoco Pianissimo"]
[ECO "C50"]
[NIC "IG.02"]
[Time "17:16:35"]
[PlyCount "121"]
[TimeControl "7200+10"]

1. e4 e5 2. Nf3 Nc6 3. Bc4 Bc5 4. d3 d6 5. O-O Nf6 6. c3 Bg4 7. Be3 Bxe3 8.
fxe3 O-O 9. Nbd2 d5 10. exd5 Nxd5 11. Bxd5 Qxd5 12. Qc2 Qc5 13. d4 exd4 14.
exd4 Qh5 15. h3 Bf5 16. Qd1 Bd3 17. Re1 Rfe8 18. Nf1 Rxe1 19. Qxe1 Bxf1 20.
Qxf1 Re8 21. Re1 Ne7 22. Re5 Qg6 23. Qb5 Qc6 24. Qxc6 bxc6 25. Nh4 Kf8 26.
Nf5 Nxf5 27. Rxf5 Re2 28. Ra5 Rxb2 29. Rxa7 Rc2 30. Rxc7 Rxc3 31. d5 Ke8
32. dxc6 Rc1+ 33. Kh2 Rc3 34. a4 Ra3 35. Ra7 Rc3 36. c7 Kd7 37. c8=Q+ Kxc8
38. Rxf7 Ra3 39. Rxg7 Rxa4 40. Rxh7 Ra2 41. Kg3 Ra3+ 42. Kh4 Ra4+ 43. g4
Kd8 44. Kh5 Ra3 45. h4 Ke8 46. g5 Ra5 47. Kh6 Ra6+ 48. g6 Kf8 49. Rh8+ Ke7
50. h5 Kf6 51. g7 Kf5+ 52. Kh7 Ra7 53. h6 Kg5 54. Rf8 Re7 55. Kh8 Re6 56.
g8=Q+ Rg6 57. Qd5+ Kxh6 58. Rg8 Rg7 59. Qe6+ Kh5 60. Rxg7 Kh4 61. Qg4# {
Black checkmated } 1-0

[Event "ICC tourney 2246 (120 10)"]
[Site "Internet Chess Club"]
[Date "2020.12.28"]
[Round "6"]
[White "king235"]
[Black "buptwy"]
[Result "1-0"]
[ICCResult "Black checkmated"]
[WhiteElo "969"]
[BlackElo "830"]
[Opening "Giuoco Pianissimo: Italian four knights variation"]
[ECO "C50"]
[NIC "IG.02"]
[Time "17:16:15"]
[PlyCount "69"]
[TimeControl "7200+10"]

1. e4 e5 2. Nf3 Nc6 3. Bc4 Bc5 4. d3 Nf6 5. Nc3 h6 6. Be3 Bxe3 7. fxe3 O-O
8. Qe2 a6 9. h4 b5 10. Bb3 Ne7 11. Nxe5 d6 12. Nf3 Bg4 13. O-O-O c5 14. Bd5
Nexd5 15. Nxd5 Nxd5 16. exd5 b4 17. Qf2 a5 18. Qg3 Bxf3 19. gxf3 a4 20.
Rhg1 Qf6 21. Qf4 Qe7 22. Qxh6 g6 23. h5 Qf6 24. hxg6 Qg7 25. gxf7+ Rxf7 26.
Rxg7+ Rxg7 27. Qe6+ Rf7 28. Rg1+ Kf8 29. Qh6+ Ke7 30. Qe6+ Kf8 31. Qxd6+
Re7 32. Rh1 Ra7 33. Qf6+ Ke8 34. Rh8+ Kd7 35. Qc6# { Black checkmated } 1-0